 Dungeon Crawl Stone Soup version 0.17-a0-1-g1f4be75 (webtiles) character file.

225 Malachi the Grasshopper (level 5, -1/35 HPs)
             Began as a High Elf Warper on Mar 10, 2015.
             Slain by an orc
             ... wielding a +0 whip
              (5 damage)
             ... on level 3 of the Dungeon.
             The game lasted 00:08:31 (4188 turns).

Malachi the Grasshopper (High Elf Warper)           Turns: 4188, Time: 00:08:31

Health: -1/35      AC:  6    Str: 10    XL:     5   Next: 68%
Magic:  7/13       EV: 13    Int: 17    God:
Gold:   192        SH:  0    Dex: 15    Spells: 3 memorised, 3 levels left

rFire  . . .     SeeInvis .     a - +1 falchion
rCold  . . .     Clarity  .     b - +0 leather armour
rNeg   . . .     SustAb   .     (no shield)
rPois  .         Gourm    +     (no helmet)
rElec  .         Spirit   .     (no cloak)
rCorr  .         Warding  .     (no gloves)
rMut   .         Stasis   .     (no boots)
MR     .....                    k - amulet of the gourmand
Stlth  ++........               (no ring)
                                A - +3 ring of protection

@: starving, not resistant to hostile enchantments, unstealthy
A: no striking features
a: no special abilities


You were on level 3 of the Dungeon.
You were starving.

You visited 1 branch of the dungeon, and saw 3 of its levels.

You collected 192 gold pieces.

Inventory:

Hand weapons
 a - a +1 falchion (weapon)
 v - a +0 short sword of freezing
Missiles
 q - 18 bolts
 s - 27 stones (quivered)
Armour
 b - a +0 leather armour (worn)
Jewellery
 k - an amulet of the gourmand (around neck)
 t - an uncursed amulet of resist corrosion
 x - an uncursed amulet of resist mutation
 A - a +3 ring of protection (left hand)
Scrolls
 d - a scroll of blinking
 e - a scroll of enchant weapon
 h - 4 scrolls of remove curse {unknown}
 j - 2 scrolls of amnesia {unknown}
 l - a scroll of random uselessness {unknown}
 n - 3 scrolls of enchant armour {unknown}
 o - a scroll of fog {unknown}
 r - 3 scrolls of identify {unknown}
 w - 2 scrolls of teleportation {unknown}
 z - a scroll of immolation {unknown}
Potions
 m - a potion of haste {unknown}
 p - a potion of might {unknown}
 u - a potion of agility {unknown}
 B - a potion of heal wounds {unknown}
Books
 c - a book of Spatial Translocations

   Spells                             Type                      Level
   a - Apportation                    Translocation                1
   b - Blink                          Translocation                2
   c - Shroud of Golubria             Charms/Translocation         2
   d - Portal Projectile              Translocation                3
   e - Teleport Other                 Translocation                3
   f - Passage of Golubria            Translocation                4
Comestibles
 f - 2 bread rations
 g - 2 meat rations
 i - 3 fruits


   Skills:
 + Level 2.5 Fighting
 + Level 3.2 Long Blades
 + Level 2.7 Throwing
 + Level 1.7 Armour
 + Level 3.2 Dodging
 + Level 1.2 Stealth
 + Level 2.9 Spellcasting
 + Level 0.8 Charms
 + Level 4.2 Translocations


You had 3 spell levels left.
You knew the following spells:

 Your Spells              Type           Power        Failure   Level  Hunger
a - Apportation           Tloc           ###.......   6%          1    None
b - Shroud of Golubria    Chrm/Tloc      ##........   14%         2    ##.....
c - Portal Projectile     Tloc           ###...       14%         3    ###....


Dungeon Overview and Level Annotations

Branches:
Dungeon (3/15)

Altars:


Message History

* * * LOW HITPOINT WARNING * * *
You closely miss the orc.
The orc is severely wounded.
The orc barely misses you.
You hit the orc.
The orc is severely wounded.
The orc misses you.
You hit the orc but do no damage.
The orc is severely wounded.
The orc closely misses you.
You barely miss the orc.
The orc is severely wounded.
The orc barely misses you.
You hit the orc but do no damage.
The orc is severely wounded.
The orc hits you but does no damage.
Your leather armour prevents you from hitting the orc.
The orc is severely wounded.
The orc misses you. The orc hits you with a whip.
You die...

.#.# <#.#####
#......# .......#
#......##
)........
#########
############.# #
#.....)@o.(((# #
#.############ #
#.# ####### #.#
......# #.#
......####.######
........)......>#
#.....####.####.#
#..#### #.# #.#


You could see an orc.

Vanquished Creatures
  A crimson imp (D:3)
  An orc priest (D:3)
  A gnoll (D:1)
  7 adders
  2 worms (D:2)
  3 giant geckos
  2 oozes
  3 orcs
  4 giant cockroaches
  9 goblins
  10 hobgoblins
  A quokka (D:3)
  2 ball pythons (D:3)
  4 bats
  2 giant newts
  9 kobolds
  9 rats
70 creatures vanquished.

Notes
Turn   | Place    | Note
--------------------------------------------------------------
     0 | D:1      | Malachi, the High Elf Warper, began the quest for the Orb.
     0 | D:1      | Reached XP level 1. HP: 14/14 MP: 4/4
   215 | D:1      | Reached skill level 1 in Armour
   551 | D:1      | Reached XP level 2. HP: 14/19 MP: 6/6
   645 | D:1      | Learned a level 2 spell: Shroud of Golubria
  1081 | D:1      | Reached XP level 3. HP: 11/24 MP: 4/8
  1256 | D:2      | Learned a level 3 spell: Portal Projectile
  2689 | D:2      | Reached XP level 4. HP: 14/29 MP: 9/11
  3215 | D:3      | Reached skill level 4 in Translocations
  3215 | D:3      | Reached XP level 5. HP: 12/34 MP: 1/13
  3854 | D:3      | Reached skill level 1 in Stealth
  4188 | D:3      | Slain by an orc

Action                   |  1- 3 |  4- 6 || total
-------------------------+-------+-------++-------
Melee: Falchion          |   136 |   108 ||   244
Throw: Stone             |    24 |    41 ||    65
       Tomahawk          |    18 |    42 ||    60
 Cast: Shroud of Golubri |     9 |     3 ||    12
       Portal Projectile |    12 |     9 ||    21
  Use: Scroll            |       |     1 ||     1
 Stab: Sleeping          |       |     1 ||     1
  Eat: Chunk             |     6 |     4 ||    10
       Pizza             |     1 |       ||     1
